 Dungeon Crawl Stone Soup version 0.21.0-25-ge575cb9 (webtiles) character file.

449 halftheisland the Cudgeler (level 6, 0/61 HPs)
             Began as a Troll Berserker on Jan 26, 2018.
             Was a Believer of Trog.
             Slain by a worker ant (5 damage)
             ... on level 4 of the Dungeon.
             The game lasted 00:10:03 (2515 turns).

halftheisland the Cudgeler (Troll Berserker)        Turns: 2515, Time: 00:10:04

Health: 0/61       AC:  6    Str: 27    XL:     6   Next: 74%
Magic:  5/5        EV: 11    Int:  3    God:    Trog [**....]
Gold:   50         SH:  0    Dex: 10    Spells: 5/5 levels left

rFire    . . .     SeeInvis +   g - +0 giant spiked club
rCold    . . .     Gourm    +   (shield currently unavailable)
rNeg     . . .     Faith    .   b - +1 animal skin
rPois    .         Spirit   .   (helmet restricted)
rElec    .         Reflect  .   (no cloak)
rCorr    .         Harm     .   (gloves unavailable)
MR       +....                  (boots unavailable)
Stlth    +.........             (no amulet)
HPRegen  0.60/turn              l - ring of see invisible
MPRegen  0.09/turn              m - ring of protection from magic

@: lethally poisoned (0 -> 0)
A: large, unfitting armour, claws 3, fast metabolism 3, gourmand, regeneration
1, shaggy fur 1, tough skin 2
a: Berserk, Trog's Hand, Burn Spellbooks, Renounce Religion


You were on level 4 of the Dungeon.
You worshipped Trog.
Trog was pleased with you.
You were full.

You visited 1 branch of the dungeon, and saw 4 of its levels.

You collected 50 gold pieces.

Inventory:

Hand Weapons
 a - a +0 mace
 g - a +0 giant spiked club (weapon)
Missiles
 f - 8 curare-tipped needles
Armour
 b - a +1 animal skin (worn)
Jewellery
 l - a ring of see invisible (left claw)
 m - a ring of protection from magic (right claw)
Scrolls
 h - 3 scrolls of identify
 i - 2 scrolls of teleportation
Potions
 d - a potion of resistance
 e - 2 potions of curing
Comestibles
 c - 7 rations


   Skills:
 + Level 3.4 Fighting
 + Level 5.4 Maces & Flails
 + Level 3.9 Dodging
 + Level 0.2 Stealth


You had 5 spell levels left.
You didn't know any spells.

Dungeon Overview and Level Annotations

Branches:
Dungeon (4/15)
 Temple: D:4-7

Altars:
Dithmenos
Sif Muna
Trog
Uskayaw
Yredelemnul


Innate Abilities, Weirdness & Mutations

You are too large for most types of armour.
You have claws for hands.
Your metabolism is lightning-fast.
You like to eat raw meat.
Your natural rate of healing is unusually fast.
You are covered in fur. (AC +1)
You have very tough skin. (AC +2)


Message History

You hit the hound but do no damage.
You feel sick. The hound bites you. The worker ant bites you.
The hound bites you. The worker ant barely misses you.
You barely miss the hound.
You feel sick. The hound barely misses you.
The worker ant bites you but does no damage.
The hound bites you but does no damage. The worker ant bites you.
* * * LOW HITPOINT WARNING * * *
You barely miss the hound. The hound barely misses you.
The worker ant bites you but does no damage.
The hound barely misses you. The worker ant barely misses you.
The hound barely misses you.
You miss the hound.
You feel sick. The hound bites you.
* * * LOW HITPOINT WARNING * * *
The worker ant bites you.
* * * LOW HITPOINT WARNING * * *
The hound misses you.
You miss the hound. The worker ant barely misses you. The hound bites you.
* * * LOW HITPOINT WARNING * * *
The worker ant bites you.
You die...

... .. . ..##### ..
.....##. #.....(
#....####. #
#ah(......### ..#
#.@..# .... ....
##....# .....
.....##†.$.###......
#.......†..)...?....
#..####<..####......
#...?...### .....
..#.##### .... ...
..


You could see a hound and a worker ant.

Vanquished Creatures
  An ogre (D:4)
  A scorpion (D:3)
  A howler monkey (D:4)
  A hound (D:4)
  An orc wizard (D:3)
  A bullfrog skeleton (D:4)
  An iguana (D:4)
  A hound skeleton (D:4)
  8 adders
  2 oozes
  An adder skeleton (D:4)
  3 worms
  A dart slug (D:3)
  4 leopard geckos
  3 orcs
  4 giant cockroaches
  2 gnoll zombies (D:2)
  7 hobgoblins
  2 quokkas (D:2)
  A ball python (D:3)
  4 bats
  4 frilled lizards
  4 goblins
  2 kobolds (D:3)
  7 rats
67 creatures vanquished.

Notes
Turn   | Place    | Note
-------+----------+-------------------------------------------
     0 | D:1      | halftheisland the Troll Berserker began the quest for the Orb.
     0 | D:1      | Reached XP level 1. HP: 22/22 MP: 0/0
   145 | D:1      | Reached XP level 2. HP: 25/29 MP: 1/1
   389 | D:1      | Reached skill level 3 in Maces & Flails
   600 | D:2      | Found a hide-covered altar of Uskayaw.
   601 | D:2      | Noticed a dagger
   602 | D:2      | Noticed a dagger
   606 | D:2      | Reached XP level 3. HP: 32/36 MP: 2/2
   649 | D:2      | Found a basalt altar of Yredelemnul.
  1148 | D:3      | Found a shadowy altar of Dithmenos.
  1179 | D:3      | Reached XP level 4. HP: 35/44 MP: 3/3
  1187 | D:3      | Reached ** piety under Trog
  1300 | D:3      | Reached skill level 4 in Maces & Flails
  1613 | D:3      | Reached XP level 5. HP: 50/53 MP: 4/4
  1680 | D:3      | Found a deep blue altar of Sif Muna.
  1681 | D:3      | Found a bloodstained altar of Trog.
  2376 | D:4      | Noticed an ogre
  2383 | D:4      | Killed an ogre
  2383 | D:4      | Reached skill level 5 in Maces & Flails
  2383 | D:4      | Reached XP level 6. HP: 61/61 MP: 5/5
  2515 | D:4      | Slain by a worker ant

Skill      XL: |  1  2  3  4  5 |
---------------+----------------+-----
Maces & Flails | 3 4 5 |  5.4
Dodging        | 3 |  3.9
Fighting       | 3 |  3.4
Stealth        | |  0.2

Action                   |  1- 3 |  4- 6 || total
-------------------------+-------+-------++-------
Melee: Mace              |   103 |   153 ||   256
       Giant spiked club |       |    18 ||    18
Invok: Berserk           |       |     1 ||     1
       Trog's Hand       |       |     1 ||     1
  Use: Scroll            |     8 |     3 ||    11
       Potion            |     5 |     2 ||     7
  Eat: Chunk             |    13 |    15 ||    28
Armor: Animal skin       |    34 |    84 ||   118
Dodge: Dodged            |    52 |   131 ||   183
